[Event "Team 45 45 League T55"]
[Site "Internet Chess Club"]
[Date "2012.11.25"]
[Round "2"]
[White "AVEMARIA"]
[Black "drsigmund1"]
[Result "1-0"]
[WhiteElo "1705"]
[BlackElo "1566"]
[Opening "French: Tarrasch, closed variation, main line"]
[ECO "C06"]
[Time "07:01:05"]
[TimeControl "2700+45"]

1. e4 e6 2. d4 d5 3. Nd2 Nf6 4. e5 Nfd7 5. Bd3 c5 6. c3 Nc6 7. Ne2 cxd4 8. cxd4
f6 9. f4 fxe5 10. fxe5 Qh4+ 11. g3 Qh3 12. Nf4 Qh6 13. Nf3 Be7 14. Nxd5 Qh3 15.
Nxe7 Kxe7 16. Ng5 Qg2 17. Qf3 Qxf3 18. Nxf3 Rf8 19. Bg5+ Ke8 20. O-O h6 21. Bg6+
Rf7 22. Bh4 Nb6 23. Nd2 Nxd4 24. Rxf7 Nf5 25. Rxf5+ {Black resigns} 1-0

[Event "Team 45 45 League T55"]
[Site "Internet Chess Club"]
[Date "2012.11.21"]
[Round "2"]
[White "fledermaus"]
[Black "mmf00"]
[Result "1-0"]
[WhiteElo "1949"]
[BlackElo "2037"]
[Opening "QGD: Ragozin variation"]
[ECO "D38"]
[Time "15:00:30"]
[TimeControl "2700+45"]

1. Nf3 Nf6 2. c4 e6 3. Nc3 d5 4. d4 Bb4 5. Bg5 O-O 6. e3 c6 7. Bd3 h6 8. Bh4
Nbd7 9. O-O b6 10. cxd5 exd5 11. Ne5 Qc7 12. f4 Bb7 13. Rc1 Qd6 14. Ne2 c5 15.
a3 Ba5 16. g4 c4 17. Bb1 b5 18. Be1 Bxe1 19. Qxe1 Ne4 20. Bxe4 dxe4 21. Qh4 Rae8
22. Ng3 Nxe5 23. fxe5 Qe7 24. Qxe7 Rxe7 25. Rf4 g5 26. Rf6 Re6 27. Rcf1 a6 28.
Nf5 Rxf6 29. Ne7+ Kh7 30. Rxf6 Bc8 31. Nxc8 Rxc8 32. Rxf7+ Kg8 33. Ra7 c3 34.
bxc3 Rxc3 35. Rxa6 Rxe3 36. d5 Rd3 37. d6 Kf7 38. Ra7+ Ke8 39. Kf2 Rf3+ 40. Ke2
Rd3 41. Rb7 Rd5 42. Re7+ Kf8 43. Ke3 Rd3+ 44. Kxe4 Rxa3 45. Rb7 Ra6 46. Kd5 b4
47. Ke6 b3 48. Rb8+ Kg7 49. Rxb3 Kf8 50. Rb8+ Kg7 51. Ke7 Ra7+ 52. d7 Kg6 53.
Rb6+ Kg7 54. e6 Kg8 55. Ke8 Ra8+ 56. d8=Q Rxd8+ 57. Kxd8 Kg7 58. e7 Kf7 {Black
resigns} 1-0

[Event "Team 45 45 League T55"]
[Site "Internet Chess Club"]
[Date "2012.11.26"]
[Round "2"]
[White "calily"]
[Black "juniorVishy"]
[Result "1/2-1/2"]
[WhiteElo "1756"]
[BlackElo "1804"]
[Opening "Queen's pawn game, Darooha variation "]
[ECO "D02"]
[Time "15:30:30"]
[TimeControl "2700+45"]

1. Nf3 d5 2. d4 Nf6 3. g3 Bf5 4. Bg2 e6 5. O-O Nbd7 6. Nbd2 Bd6 7. c4 c6 8. b3
O-O 9. Bb2 Rc8 10. Re1 Re8 11. Nh4 Bg6 12. Nxg6 hxg6 13. e4 dxe4 14. Nxe4 Nxe4
15. Bxe4 Nf6 16. Qc2 Nxe4 17. Rxe4 c5 18. dxc5 Bxc5 19. Rd1 Qb6 20. Bd4 Bxd4 21.
Rexd4 Red8 22. Rd7 Rxd7 23. Rxd7 Rd8 24. Qd3 Rxd7 25. Qxd7 Qa6 26. Qe8+ Kh7 27.
Qxf7 e5 28. Qd5 b6 29. a4 Qc8 30. Qxe5 Qf8 31. Qb5 Qa3 32. Kg2 Qb2 33. c5 bxc5
34. Qxc5 Qxb3 35. Qxa7 Qd5+ 36. f3 Qa2+ 37. Qf2 Qxa4 38. g4 Qf4 39. Qh4+ Kg8 40.
Qg3 Qd2+ 41. Kh3 Qh6+ 42. Qh4 Qf4 43. Qg3 Qh6+ 44. Kg2 Qd2+ 45. Qf2 Qf4 46. Qc2
Kh7 47. Qe4 Qd2+ 48. Kg3 Qd6+ 49. Qf4 Qe6 50. h4 Qe1+ 51. Kh3 Qf1+ 52. Kh2 Qf2+
53. Kh3 Qf1+ {Game drawn by mutual agreement} 1/2-1/2

[Event "Team 45 45 League T55"]
[Site "Internet Chess Club"]
[Date "2012.11.24"]
[Round "2"]
[White "ausya"]
[Black "nursey"]
[Result "0-1"]
[WhiteElo "1596"]
[BlackElo "1640"]
[Opening "Ruy Lopez: closed (10...c5)"]
[ECO "C96"]
[Time "14:01:25"]
[TimeControl "2700+45"]

1. e4 e5 2. Nf3 Nc6 3. Bb5 a6 4. Ba4 Nf6 5. O-O Be7 6. Re1 b5 7. Bb3 O-O 8. c3
d6 9. h3 Na5 10. Bc2 c5 11. d4 exd4 12. cxd4 cxd4 13. Nxd4 d5 14. e5 Nd7 15. e6
Nf6 16. exf7+ Rxf7 17. Nf5 Bxf5 18. Bxf5 Nc4 19. Be6 Qe8 20. Bxf7+ Qxf7 21. Nc3
Rd8 22. Qe2 Bd6 23. Qe6 Qxe6 24. Rxe6 Kf7 25. Re2 d4 26. Ne4 Nxe4 27. Rxe4 d3
28. Rd4 Bh2+ 29. Kxh2 Rxd4 30. Bg5 Nxb2 31. Bc1 Nc4 32. Be3 Nxe3 33. fxe3 Re4
34. Re1 b4 35. Kg1 a5 36. Kf2 Rc4 37. Rd1 Rc2+ 38. Kf3 Rxa2 39. Rxd3 a4 40. Rd7+
Kf6 41. Rb7 b3 42. g4 Rd2 {White resigns} 0-1

[Event "Team 45 45 League T55"]
[Site "Internet Chess Club"]
[Date "2012.11.25"]
[Round "2"]
[White "DaPaz"]
[Black "lacibacsi"]
[Result "1/2-1/2"]
[WhiteElo "1978"]
[BlackElo "2064"]
[Opening "King's Indian: fianchetto, Panno variation"]
[ECO "E63"]
[Time "17:01:29"]
[TimeControl "2700+45"]

1. d4 Nf6 2. Nf3 g6 3. g3 Bg7 4. Bg2 O-O 5. O-O d6 6. c4 Nc6 7. Nc3 a6 8. h3 Rb8
9. d5 Na5 10. Qd3 c5 11. e4 b5 12. Nd2 Nd7 13. f4 bxc4 14. Qc2 Nb6 15. Nf3 e6
16. dxe6 fxe6 17. Be3 Nc6 18. e5 Nd5 19. Nxd5 exd5 20. Rfd1 Nb4 21. Qc3 Kh8 22.
Bf2 Nd3 23. b3 Nxf2 24. Kxf2 cxb3 25. axb3 d4 26. Qc4 Rb4 27. Qd5 Bb7 28. Qxd6
Qxd6 29. exd6 Rxb3 30. Rac1 Rb5 31. Bf1 Ra5 32. Ng5 Bd5 33. Bc4 h6 34. Nf3 Bxf3
35. Kxf3 Rd8 36. Re1 h5 37. Re6 Ra3+ 38. Kg2 Kh7 39. Rb1 Re3 40. Rxe3 dxe3 41.
Kf3 Rxd6 42. Kxe3 Bc3 43. Rb7+ Bg7 44. g4 hxg4 45. hxg4 Kh8 46. Rb8+ Kh7 47. g5
Bd4+ 48. Ke4 Rd7 49. Bxa6 Re7+ 50. Kf3 Re3+ 51. Kg4 Ra3 52. Rb7+ Kh8 53. Bc4 Bf2
{Game drawn by mutual agreement} 1/2-1/2

[Event "Team 45 45 League T55"]
[Site "Internet Chess Club"]
[Date "2012.11.27"]
[Round "2"]
[White "mitus"]
[Black "blackcatdillac"]
[Result "0-1"]
[WhiteElo "1747"]
[BlackElo "1856"]
[Opening "French: Winawer, Alekhine (Maróczy) gambit"]
[ECO "C15"]
[Time "17:14:54"]
[TimeControl "2700+45"]

1. e4 e6 2. d4 d5 3. Nc3 Bb4 4. Ne2 dxe4 5. a3 Ba5 6. b4 Bb6 7. Nxe4 a5 8. Bb2
axb4 9. axb4 Rxa1 10. Qxa1 Nc6 11. Bc3 Qd5 12. Nc5 Nf6 13. b5 Nxd4 14. Bxd4 Bxc5
15. Bxf6 gxf6 16. Qxf6 Rg8 17. c3 Qb3 18. Nc1 Qc2 19. Nd3 Bb6 20. Nb4 Qc1+ 21.
Ke2 Bd7 22. Kf3 Qd2 23. Be2 Rg6 24. Qh8+ Ke7 25. Rd1 Qg5 {White resigns} 0-1

[Event "Team 45 45 League T55"]
[Site "Internet Chess Club"]
[Date "2012.11.27"]
[Round "2"]
[White "LazyPeon"]
[Black "hondocando"]
[Result "0-1"]
[WhiteElo "1831"]
[BlackElo "1607"]
[Opening "Benoni defense, Hromodka system"]
[ECO "A56"]
[Time "14:00:53"]
[TimeControl "2700+45"]

1. d4 Nf6 2. c4 c5 3. d5 d6 4. Nc3 Bf5 5. Nf3 Qb6 6. Nd2 g6 7. e4 Bd7 8. Be2 Bh6
9. O-O Na6 10. f4 O-O 11. Nf3 Nc7 12. Qc2 e6 13. e5 Nfe8 14. Be3 Na6 15. a3 Qc7
16. Ne4 f6 17. exf6 Nxf6 18. dxe6 Bxe6 19. Rad1 Bf5 20. Nxf6+ Rxf6 21. Qc3 Re6
22. Qd2 Qe7 23. Qd5 Be4 24. Qd2 Bc6 25. Kf2 Re8 26. Rfe1 Rxe3 27. Qxd6 Rxe2+ 28.
Rxe2 Qxe2+ 29. Kg3 Bxf3 30. gxf3 Rf8 31. Qd5+ Kh8 {White resigns} 0-1

[Event "Team 45 45 League T55"]
[Site "Internet Chess Club"]
[Date "2012.11.22"]
[Round "2"]
[White "Insan996"]
[Black "nanning"]
[Result "0-1"]
[WhiteElo "1611"]
[BlackElo "1684"]
[Opening "Queen's pawn: Yusupov-Rubinstein system"]
[ECO "A46"]
[Time "10:01:34"]
[TimeControl "2700+45"]

1. d4 Nf6 2. Nf3 e6 3. e3 b6 4. Bd3 Bb7 5. O-O c5 6. b3 cxd4 7. exd4 Be7 8. Bb2
O-O 9. Nbd2 Nc6 10. a3 d5 11. Re1 Qc7 12. Rc1 Rac8 13. Ne5 Bd6 14. Ndf3 Qe7 15.
b4 h6 16. Nxc6 Rxc6 17. Ne5 Rc7 18. Qd2 Ne4 19. Bxe4 dxe4 20. c4 Rd8 21. Ng4 Qh4
22. h3 f5 23. Ne3 f4 24. Nf1 f3 25. Re3 Qg5 26. g3 Bf4 27. Qc2 Bxe3 28. Nxe3 Qh5
29. Kh2 Rdc8 30. b5 a6 31. a4 axb5 32. axb5 Bd5 33. Qb3 Bxc4 34. Nxc4 Qd5 35.
Nd2 Rxc1 36. Bxc1 Rxc1 37. Qe3 Qxb5 38. Qxe4 Qe2 39. Qxf3 Qxf3 40. Nxf3 Rd1 41.
g4 b5 42. Kg3 b4 43. Kf4 b3 44. Ke3 b2 45. Nd2 Rxd2 {White resigns} 0-1

[Event "Team 45 45 League T55"]
[Site "Internet Chess Club"]
[Date "2012.11.26"]
[Round "2"]
[White "LittleButton"]
[Black "Buford-Julep"]
[Result "0-1"]
[WhiteElo "1708"]
[BlackElo "1689"]
[Opening "Scotch: Schmidt variation"]
[ECO "C45"]
[Time "13:56:02"]
[TimeControl "2700+45"]

1. e4 e5 2. Nf3 Nc6 3. d4 exd4 4. Nxd4 Nf6 5. Nxc6 bxc6 6. Bd3 d5 7. e5 Ng4 8.
O-O Bc5 9. Qe2 Qe7 10. Bf4 g5 11. Bd2 Qxe5 12. Qxe5+ Nxe5 13. Re1 f6 14. Bxg5
Kf7 15. Bf4 Nxd3 16. cxd3 Rb8 17. Nc3 Rxb2 18. Nd1 Rb4 19. Bxc7 Bf5 20. Rc1 Bd4
21. Rxc6 Bxd3 22. Bd6 Rc4 23. Rxc4 dxc4 24. Ne3 Re8 25. Bf4 c3 26. Rc1 c2 27. h3
Bb2 28. Rxc2 Bxc2 29. Nxc2 Re2 30. Ne3 Re1+ 31. Kh2 Be5 32. Bxe5 fxe5 33. a3 Ra1
34. Nc4 Ke6 35. g4 Ra2 36. Kg3 Rc2 37. Ne3 Rc3 38. a4 Ra3 39. a5 Rxa5 40. f4
exf4+ 41. Kxf4 Ra3 42. h4 Rxe3 43. Kxe3 Ke5 44. h5 Kf6 45. Kf4 h6 {White
resigns} 0-1

[Event "Team 45 45 League T55"]
[Site "Internet Chess Club"]
[Date "2012.11.25"]
[Round "2"]
[White "bondguy01"]
[Black "chrisgianno"]
[Result "0-1"]
[WhiteElo "1665"]
[BlackElo "1686"]
[Opening "Dutch, 2.Bg5 variation"]
[ECO "A80"]
[Time "11:14:18"]
[TimeControl "2700+45"]

1. d4 f5 2. Bg5 Nf6 3. Bxf6 exf6 4. e3 d5 5. c4 c5 6. Nc3 cxd4 7. exd4 dxc4 8.
Bxc4 Bd7 9. Nf3 Nc6 10. O-O Be7 11. Re1 Kf8 12. Qe2 g6 13. a3 Bd6 14. Ba2 Kg7
15. Rad1 Qa5 16. Qd2 Rhe8 17. h3 b5 18. Bb1 b4 19. axb4 Bxb4 20. h4 Qd8 21. Qf4
a5 22. Rxe8 Bxe8 23. Qg3 Qd6 24. Qh3 Bd7 25. Qh2 Rb8 26. Bc2 Qf8 27. d5 Bd6 28.
g3 Ne5 29. Qg2 Rxb2 30. Ba4 Qe8 31. Bxd7 Qxd7 32. Ra1 Bb4 33. Nxe5 fxe5 34. Na4
Rd2 {White resigns} 0-1

[Event "Team 45 45 League T55"]
[Site "Internet Chess Club"]
[Date "2012.11.26"]
[Round "2"]
[White "oldsj"]
[Black "losscause"]
[Result "0-1"]
[WhiteElo "1623"]
[BlackElo "1606"]
[Opening "Caro-Kann: Panov-Botvinnik attack"]
[ECO "B13"]
[Time "19:02:44"]
[TimeControl "2700+45"]

1. e4 c6 2. d4 d5 3. exd5 cxd5 4. c4 Nf6 5. Nc3 Nc6 6. Nf3 Bf5 7. Qb3 Na5 8.
Qa4+ Bd7 9. Qc2 e6 10. c5 Nc6 11. a3 b6 12. Bb5 bxc5 13. Bxc6 Bxc6 14. Ne5 Bd7
15. dxc5 d4 16. c6 Bc8 17. Qa4 Qc7 18. Bf4 dxc3 19. Ng6 Bd6 20. Bxd6 Qxd6 21.
Nxh8 Qd2+ 22. Kf1 c2 23. c7+ Bd7 24. Qb3 Rc8 25. Re1 c1=Q 26. Rxc1 Qxc1+ 27. Ke2
Qxh1 28. Qb8 Qxh2 {White resigns} 0-1

[Event "Team 45 45 League T55"]
[Site "Internet Chess Club"]
[Date "2012.11.24"]
[Round "2"]
[White "alexping"]
[Black "carokantor"]
[Result "0-1"]
[WhiteElo "1906"]
[BlackElo "2052"]
[Opening "Queen's pawn"]
[ECO "A40"]
[Time "11:00:35"]
[TimeControl "2700+45"]

1. d4 c6 2. Nf3 g6 3. c4 Bg7 4. e4 Nf6 5. Nc3 d6 6. h3 O-O 7. Bd3 Nbd7 8. g4 a6
9. Be3 b5 10. Qc2 Bb7 11. a3 Ne8 12. g5 e5 13. dxe5 Nxe5 14. Nxe5 dxe5 15. O-O-O
Qe7 16. h4 Nc7 17. f3 Ne6 18. Qf2 b4 19. axb4 Qxb4 20. Na2 Qe7 21. Bb6 c5 22.
Ba5 Nd4 23. Bc2 Bc6 24. Nc3 Rab8 25. Nd5 Bxd5 26. cxd5 Qb7 27. Bc3 a5 28. Ba4 f5
29. gxf6 Rxf6 30. Rd3 Rbf8 31. Bxd4 cxd4 32. Rb3 Qc8+ 33. Kb1 Qc4 34. Ra3 Bh6
35. Bb3 Qb4 36. Bd1 Rc8 37. Ba4 Be3 38. Qe2 Rcf8 39. Rh3 Rb8 40. Ra2 Rc8 41. Bc6
Rb8 42. Ra4 Qc5 43. Qc2 Qb6 44. Qe2 d3 45. Qg2 d2 {White resigns} 0-1

[Event "Team 45 45 League T55"]
[Site "Internet Chess Club"]
[Date "2012.11.25"]
[Round "2"]
[White "Tobiasdelmonte"]
[Black "bshribharath"]
[Result "1-0"]
[WhiteElo "1885"]
[BlackElo "1814"]
[Opening "Caro-Kann: anti-anti-Caro-Kann defense"]
[ECO "B10"]
[Time "01:06:56"]
[TimeControl "2700+45"]

1. e4 c6 2. c4 d5 3. exd5 cxd5 4. Nf3 Nf6 5. d4 e6 6. Bd3 Bb4+ 7. Bd2 Bxd2+ 8.
Nbxd2 Nc6 9. c5 O-O 10. O-O Re8 11. Re1 Qc7 12. Bb5 Bd7 13. a3 Nb8 14. Bd3 Nc6
15. b4 e5 16. dxe5 Nxe5 17. Nxe5 Rxe5 18. Rxe5 Qxe5 19. Nf3 Qc3 20. h3 Re8 21.
Nd4 Ne4 22. Nb5 Qb2 23. Bxe4 Rxe4 24. Nd6 Rf4 25. Qe1 Rxf2 26. Qxf2 Qxa1+ 27.
Kh2 Be6 28. Nxb7 Qxa3 29. Qg3 Qxg3+ 30. Kxg3 Bd7 31. Kf4 f6 32. Ke3 a6 33. Kd4
Be6 34. c6 Kf8 35. Nc5 Bc8 36. Kxd5 Ke7 37. Nb7 g5 38. Kc5 g4 39. hxg4 Bxg4 40.
Kb6 f5 41. Kxa6 f4 42. Kb6 f3 43. gxf3 Bxf3 44. c7 Bg4 45. Nc5 h5 46. Ne4 Bc8
47. b5 h4 48. Ka7 h3 49. b6 h2 50. Ng3 {Black resigns} 1-0

[Event "Team 45 45 League T55"]
[Site "Internet Chess Club"]
[Date "2012.11.25"]
[Round "2"]
[White "Beetlejuice"]
[Black "Warpdrive"]
[Result "0-1"]
[WhiteElo "1739"]
[BlackElo "1756"]
[Opening "King's Indian: 3.g3"]
[ECO "E68"]
[Time "15:01:08"]
[TimeControl "2700+45"]

1. d4 Nf6 2. c4 g6 3. g3 Bg7 4. Bg2 O-O 5. Nf3 d6 6. O-O c6 7. Nc3 Nbd7 8. e4 e5
9. Re1 Qc7 10. h3 a6 11. Be3 Re8 12. d5 c5 13. Rb1 Nb6 14. Qe2 Bd7 15. Nd2 Na4
16. Nxa4 Bxa4 17. b4 b5 18. bxc5 dxc5 19. Rec1 b4 20. h4 Bd7 21. Nb3 Bf8 22. f3
a5 23. Rc2 a4 24. Nc1 Bd6 25. Kh2 Nh5 26. Bh3 f5 27. Nd3 f4 28. Bxd7 fxg3+ 29.
Kg1 Qxd7 30. Nxc5 Bxc5 31. Bxc5 Nf4 32. Qd1 b3 33. axb3 axb3 34. Rxb3 Qh3 35.
Rb1 g2 36. Be3 Qh1+ 37. Kf2 Qh2 38. Ke1 Ra3 39. Bf2 g1=Q+ 40. Bxg1 Qxg1+ {White
resigns} 0-1

[Event "Team 45 45 League T55"]
[Site "Internet Chess Club"]
[Date "2012.11.22"]
[Round "2"]
[White "vigneshv"]
[Black "qs16"]
[Result "1-0"]
[WhiteElo "1625"]
[BlackElo "1782"]
[Opening "Queen's Indian: 4.Nc3"]
[ECO "E12"]
[Time "15:17:58"]
[TimeControl "2700+45"]

1. d4 Nf6 2. c4 e6 3. Nc3 b6 4. Nf3 Bb7 5. a3 Be7 6. d5 exd5 7. cxd5 O-O 8. e4
d6 9. Bd3 Nbd7 10. O-O Ne5 11. Be2 Nxf3+ 12. Bxf3 Nd7 13. Qc2 Ne5 14. Be2 Qc8
15. Bf4 Ng6 16. Bg3 Ba6 17. Nb5 Bxb5 18. Bxb5 a6 19. Be2 Bf6 20. Rac1 Re8 21. b4
Be5 22. Bxe5 Rxe5 23. Qxc7 Qxc7 24. Rxc7 Rxe4 25. Bf3 Ree8 26. Rc6 Ne5 27. Rxd6
Nxf3+ 28. gxf3 Rab8 29. Rc1 Re7 30. Rxb6 Rd8 31. d6 Red7 32. Rcc6 f6 33. Rxa6
Kf7 34. Rc7 Ke6 35. Rxd7 Rxd7 36. Kf1 Kd5 37. a4 Kc4 38. b5 Kc5 39. Ke2 Kb4 40.
Kd3 Kc5 41. Ke4 g6 42. f4 h6 43. h4 Rxd6 44. Rxd6 Kxd6 45. Kd4 Kc7 46. Kc5 Kb7
47. Kd6 g5 48. fxg5 fxg5 49. hxg5 {Black resigns} 1-0